 Dungeon Crawl Stone Soup version 0.21.1-1-g345015f (webtiles) character file.

665 letownia2 the Spear-Bearer (level 7, -3/46 HPs)
             Began as a Merfolk Wizard on Mar 18, 2018.
             Was a Follower of Cheibriados.
             Slain by an ogre
             ... wielding a +0 giant spiked club
              (30 damage)
             ... on level 6 of the Dungeon.
             The game lasted 00:14:46 (1704 turns).

letownia2 the Spear-Bearer (Merfolk Wizard)         Turns: 1704, Time: 00:14:47

Health: -3/46      AC:  4    Str: 11    XL:     7   Next: 57%
Magic:  12/13      EV: 12    Int: 20    God:    Cheibriados [*.....]
Gold:   221        SH:  0    Dex: 14    Spells: 4/15 levels left

rFire    + + .     SeeInvis .   i - +2 trident (venom)
rCold    . . .     Gourm    .   (no shield)
rNeg     . . .     Faith    .   r - +0 leather armour {rF+}
rPois    .         Spirit   .   s - +0 helmet
rElec    .         Reflect  .   (no cloak)
rCorr    .         Harm     .   (no gloves)
MR       .....                  (no boots)
Stlth    ++........             (no amulet)
HPRegen  0.15/turn              B - ring of protection from fire
MPRegen  0.13/turn              (no ring)

@: very slow
A: change form in water, swift swim, stealthy swim
a: Bend Time, Renounce Religion


You were on level 6 of the Dungeon.
You worshipped Cheibriados.
Cheibriados was aware of your devotion.
You were not hungry.

You visited 1 branch of the dungeon, and saw 6 of its levels.

You collected 221 gold pieces.

Inventory:

Hand Weapons
 d - a +0 hunting sling
 i - a +2 trident of venom (weapon)
 l - a +0 short sword
 q - a +0 glaive
 t - a +0 trident
 u - a +0 blowgun
Missiles
 b - 60 sling bullets
 g - 30 stones (quivered)
 m - 36 bolts
 v - 2 poisoned needles
Armour
 r - a +0 leather armour of fire resistance (worn)
 s - a +0 helmet (worn)
 w - a +0 scale mail
 C - a +0 ring mail
 D - a +0 chain mail
Jewellery
 B - a ring of protection from fire (left hand)
Wands
 y - a wand of acid (16)
Scrolls
 e - 2 scrolls of amnesia {unknown}
 f - 4 scrolls of remove curse {unknown}
 j - a scroll of random uselessness {unknown}
 k - 6 scrolls of identify {unknown}
 o - a scroll of enchant weapon {unknown}
 x - 2 scrolls of teleportation {unknown}
Potions
 h - a potion of haste {unknown}
 n - a potion of cancellation {unknown}
 z - a potion of lignification {unknown}
 A - a potion of heal wounds {unknown}
Books
 c - a book of Minor Magic

   Spells                             Type                      Level
   a - Magic Dart                     Conjuration                  1
   b - Blink                          Translocation                2
   c - Call Imp                       Summoning                    2
   d - Slow                           Hexes                        2
   e - Conjure Flame                  Conjuration/Fire             3
   f - Mephitic Cloud                 Conjuration/Poison/Air       3
Comestibles
 a - a chunk of flesh
 p - 5 rations


   Skills:
 + Level 8.0 Polearms
 - Level 2.6 Dodging
 - Level 2.1 Stealth
 - Level 4.5 Spellcasting
 - Level 1.6 Conjurations
 - Level 2.0 Summonings
 - Level 0.7 Translocations
 - Level 1.0 Fire Magic
 - Level 1.1 Air Magic
 - Level 1.5 Poison Magic


You had 4 spell levels left.
You knew the following spells:

 Your Spells              Type           Power        Failure   Level  Hunger
a - Magic Dart            Conj           ##..         9%          1    None
b - Blink                 Tloc           N/A          19%         2    #......
c - Conjure Flame         Conj/Fire      #.......     28%         3    ##.....
e - Mephitic Cloud        Conj/Pois/Air  ##......     26%         3    ##.....
i - Call Imp              Summ           ##......     11%         2    #......


Dungeon Overview and Level Annotations

Branches:
Dungeon (6/15)
 Temple: D:4-7

Altars:
Cheibriados
Qazlal
Wu Jian


Message History

Attack whom?
Press: ? - help, Dir - move target cursor, f/p - orc warrior
Aim: an orc warrior, wielding a glaive and wearing a chain mail (moderately wounded, poisoned, confused)
You reach to attack!
You hit the orc warrior.
The orc warrior looks as sick as possible!
The orc warrior is heavily wounded.
The orc warrior hits itself with a glaive!!
The orc warrior is killed!
Cheibriados appreciates the change of pace.
Your Polearms skill increases to level 8!
Things that are here:
a glaive; a chain mail; an orc corpse
q - a glaive
D - a chain mail An ogre comes into view.
It is wielding a giant spiked club.
The ogre shouts!
The ogre moves out of view.
The ogre hits you with a giant spiked club!!
Ouch! That really hurt!
You die...

#. ###>########
#.##...........
#.o.<#.########
#.####.# #.####.#
#......######### #####
###.#####.......#
......#....†..#.......#
.....$#@#.###)#.......#
......O.........<.....#
.=.......[.##.#.......#
#####.....###.#.......#
.....#.#.###.#.......#
######.......#########
###..#### ##.# #.#


You could see an ogre.

Vanquished Creatures
  2 orc warriors
  An ogre (D:5)
  A jelly (D:6)
  4 orc priests
  2 orc wizards (D:3)
  3 worker ants (D:5)
  A hound skeleton (D:5)
  Robin (D:3)
  3 adders
  A shadow imp (D:6)
  3 worms
  A dart slug (D:1)
  2 leopard geckos (D:3)
  13 orcs
  6 bats
  2 giant cockroaches (D:2)
  5 goblins
  10 hobgoblins
  3 jackals (D:3)
  A ball python (D:3)
  4 frilled lizards
  7 kobolds
  A leopard gecko skeleton (D:5)
  5 rats
82 creatures vanquished.

Vanquished Creatures (collateral kills)
  A worker ant (D:3)
  3 adders
  4 orcs (D:3)
  2 goblins (D:3)
  A hobgoblin (D:3)
  A jackal (D:3)
  A frilled lizard (D:3)
13 creatures vanquished.

Grand Total: 95 creatures vanquished

Notes
Turn   | Place    | Note
-------+----------+-------------------------------------------
     0 | D:1      | letownia2 the Merfolk Wizard began the quest for the Orb.
     0 | D:1      | Reached XP level 1. HP: 13/13 MP: 4/4
     9 | D:1      | Reached skill level 1 in Conjurations
   142 | D:1      | Reached XP level 2. HP: 5/19 MP: 0/6
   184 | D:1      | Learned a level 2 spell: Call Imp
   323 | D:2      | Reached XP level 3. HP: 10/24 MP: 0/7
   343 | D:2      | Learned a level 3 spell: Mephitic Cloud
   605 | D:3      | Reached skill level 1 in Polearms
   719 | D:3      | Reached XP level 4. HP: 19/30 MP: 3/9
   857 | D:3      | Noticed Robin
   883 | D:3      | Killed Robin
   961 | D:3      | Reached XP level 5. HP: 23/35 MP: 0/11
  1030 | D:3      | Learned a level 3 spell: Conjure Flame
  1033 | D:3      | Learned a level 2 spell: Blink
  1033 | D:3      | Found a snail-covered altar of Cheibriados.
  1056 | D:3      | Became a worshipper of Cheibriados the Contemplative
  1147 | D:3      | Found an ornate altar of the Wu Jian Council.
  1199 | D:3      | Reached skill level 1 in Poison Magic
  1214 | D:3      | Reached skill level 1 in Air Magic
  1231 | D:3      | Reached skill level 1 in Fire Magic
  1242 | D:3      | Reached skill level 2 in Polearms
  1242 | D:3      | Reached XP level 6. HP: 25/41 MP: 3/12
  1273 | D:3      | Found a stormy altar of Qazlal.
  1319 | D:4      | Reached skill level 3 in Polearms
  1328 | D:4      | HP: 2/41 [cloud of noxious fumes (2)]
  1399 | D:5      | Entered Level 5 of the Dungeon
  1435 | D:6      | Noticed an orc warrior
  1439 | D:6      | Reached skill level 4 in Polearms
  1492 | D:5      | Noticed an orc warrior
  1511 | D:5      | Reached skill level 5 in Polearms
  1513 | D:5      | Killed an orc warrior
  1513 | D:5      | Reached skill level 6 in Polearms
  1513 | D:5      | Reached XP level 7. HP: 21/46 MP: 1/13
  1554 | D:5      | Reached skill level 7 in Polearms
  1598 | D:5      | Reached * piety under Cheibriados
  1696 | D:6      | Reached skill level 8 in Polearms
  1704 | D:6      | Slain by an ogre

Skill      XL: |  1  2  3  4  5  6  7 |
---------------+----------------------+-----
Conjurations   | 1 |  1.6
Summonings     | 2 |  2.0
Polearms       | 1 2 6 8 |  8.0
Spellcasting   | 4 |  4.5
Poison Magic   | 1 |  1.5
Air Magic      | 1 |  1.1
Fire Magic     | 1 |  1.0
Dodging        | |  2.6
Stealth        | |  2.1
Translocations | |  0.7

Action                   |  1- 3 |  4- 6 |  7- 9 || total
-------------------------+-------+-------+-------++-------
Melee: Unarmed           |    17 |       |       ||    17
       Short sword       |    22 |       |       ||    22
       Trident           |    41 |   126 |    34 ||   201
 Fire: Hunting sling     |       |    11 |       ||    11
Throw: Stone             |     3 |     1 |       ||     4
 Cast: Magic Dart        |    44 |    23 |       ||    67
       Call Imp          |     6 |     3 |       ||     9
       Mephitic Cloud    |       |    15 |     1 ||    16
       Conjure Flame     |       |     1 |     1 ||     2
  Use: Potion            |       |     3 |       ||     3
 Stab: Distracted        |     1 |       |       ||     1
       Sleeping          |     1 |       |       ||     1
       Confused          |       |     3 |     1 ||     4
  Eat: Chunk             |       |     4 |     1 ||     5
Armor: Robe              |    25 |       |       ||    25
       Leather armour    |     4 |    33 |     1 ||    38
Dodge: Dodged            |    77 |    87 |    12 ||   176
